Map: Cyber Forest LE

Players

CHICO - Winner!

  • Race: Zerg Zerg
  • League: Diamond
  • Spawn Location: 5:00

Smeeeger

  • Race: Zerg Zerg
  • League: Platinum
  • Spawn Location: 11:00

VOD

Have the link to the VOD?

Description

Time

  • Played on: July 17, 2019, 6:07 p.m.
  • Length: 14:09
Show
View Real Time Build Order
Export as new Build Order

CHICO Zerg - Winner!

Build Orders: Pool First 

Get SALT Encoding   

  12  0:02  Drone  
  13  0:10  Drone  
  14  0:19  Overlord  
  14  0:38  Drone x3  
  17  0:47  Spawning Pool  
  16  0:50  Extractor  
  16  0:51  Drone  
  16  1:00  Drone  
  17  1:19  Hatchery  
  16  1:34  Zergling x4  
  16  1:35  Drone  
  16  1:38  Queen  
  21  1:47  Overlord  
  21  2:04  Drone, Baneling Nest  
  21  2:07  Drone  
  22  2:12  Metabolic Boost  
  22  2:36  Zergling x2  
  22  2:37  Drone, Zergling x2  
  25  2:46  Queen  
  25  2:49  Drone x2, Zergling x4  
  25  2:50  Drone  
  32  2:58  Baneling x2  
  32  3:00  Baneling  
  32  3:06  Drone x2  
  32  3:10  Zergling x2  
  35  3:13  Overlord  
  35  3:17  Baneling x3  
  35  3:23  Extractor  
  34  3:36  Drone x6  
  40  3:45  Queen  
  40  3:48  Drone x2  
  44  3:59  Overlord x2  
  44  4:08  Lair  
  43  4:17  Evolution Chamber  
  42  4:25  Drone x4  
  42  4:26  Drone x3  
  49  4:41  Drone x4  
  49  4:42  Drone  
  54  4:46  Extractor  
  54  4:47  Zerg Ground Armor Level 1  
  54  4:51  Evolution Chamber  
  52  4:59  Roach Warren  
  51  5:13  Hydralisk Den  
  50  5:17  Extractor  
  49  5:22  Zerg Missile Weapons Level 1  
  49  5:33  Overlord  
  49  5:42  Hydralisk x2  
  49  5:43  Hydralisk x2, Drone  
  49  5:46  Muscular Augments  
  58  5:51  Overlord x3  
  58  5:52  Hydralisk x2  
  58  5:53  Drone  
  63  6:01  Roach x2  
  67  6:11  Roach x6  
  77  6:12  Roach  
  73  6:41  Hydralisk  
  73  6:42  Hydralisk x3, Roach x2  
  73  6:43  Roach x3  
  91  6:59  Hatchery  
  90  7:04  Drone  
  90  7:08  Grooved Spines  
  91  7:16  Zerg Ground Armor Level 2  
  91  7:17  Overseer  
  91  7:41  Overlord x2  
  91  7:42  Overlord  
  73  7:59  Hydralisk x2  
  73  8:00  Hydralisk x4, Drone, Zergling x8  
  73  8:01  Zergling x4  
  73  8:02  Zergling x2  
  85  8:11  Hydralisk  
  85  8:12  Hydralisk, Zergling x2  
  84  8:31  Queen  
  84  8:37  Zerg Missile Weapons Level 2  
  84  8:54  Glial Reconstitution  
  84  8:56  Roach, Drone  
  84  8:57  Roach x4  
  84  8:58  Spore Crawler  
  84  8:59  Spine Crawler  
  93  9:10  Drone  
  93  9:13  Roach x4  
  102  9:20  Roach x2, Drone  
  99  9:43  Drone  
  99  9:44  Roach x3  
  94  9:58  Roach x2, Hydralisk x3, Drone  
  94  9:59  Roach x3  
  99  10:08  Roach, Hydralisk, Drone  
  104  10:22  Infestation Pit  
  103  10:40  Hydralisk, Drone  
  103  10:41  Hydralisk x2, Zergling x8  
  114  10:59  Hatchery  
  113  11:12  Drone  
  113  11:14  Overlord x2  
  113  11:16  Overlord x3  
  113  11:18  Hive  
  114  11:26  Overlord  
  114  11:27  Overlord x2  
  114  11:36  Extractor  
  114  11:39  Extractor  
  84  11:50  Hydralisk x5, Drone, Zergling x2  
  84  11:51  Zergling x8  
  84  11:52  Zergling x2  
  87  12:09  Hydralisk  
  87  12:10  Hydralisk x2, Drone, Zergling x6  
  87  12:11  Zergling x2  
  98  12:17  Hydralisk  
  98  12:18  Zergling x4  
  102  12:28  Hydralisk, Drone  
  102  12:29  Roach  
  107  13:03  Hydralisk  
  107  13:04  Hydralisk x2, Roach x3  
  107  13:05  Roach x2  
  123  13:07  Roach  
  125  13:17  Hydralisk  
  125  13:18  Zergling x4  
  129  13:20  Zergling x2  
  130  13:33  Hydralisk  
  130  13:34  Hydralisk, Zergling x6  
  128  13:35  Zergling x2  
Show
View Real Time Build Order
Export as new Build Order

Smeeeger Zerg 

Build Orders: Hatch First 

Get SALT Encoding   

  12  0:01  Drone  
  13  0:16  Overlord  
  14  0:21  Drone  
  14  0:35  Drone x2  
  16  0:39  Drone  
  18  0:50  Drone  
  18  0:59  Hatchery  
  18  1:01  Drone  
  18  1:04  Extractor  
  17  1:16  Spawning Pool  
  16  1:20  Drone  
  17  1:25  Drone  
  18  1:33  Drone  
  19  1:43  Overlord  
  19  2:03  Queen  
  19  2:04  Zergling x2  
  19  2:07  Zergling x2  
  23  2:11  Queen  
  23  2:13  Zergling x2  
  26  2:16  Metabolic Boost  
  26  2:34  Drone x2  
  26  2:35  Drone x2  
  29  2:45  Drone x2  
  29  2:47  Queen  
  33  3:01  Drone  
  33  3:02  Overlord  
  34  3:07  Roach Warren  
  34  3:08  Drone, Evolution Chamber  
  34  3:09  Drone x2  
  35  3:19  Spine Crawler  
  34  3:22  Drone  
  34  3:23  Queen  
  37  3:34  Evolution Chamber  
  37  3:35  Drone x4  
  37  3:40  Overlord  
  40  3:43  Drone  
  40  3:45  Drone  
  42  3:52  Roach  
  42  3:55  Overlord  
  44  3:56  Overlord  
  44  4:07  Overlord  
  44  4:09  Drone  
  45  4:10  Drone x3, Extractor  
  45  4:11  Extractor  
  45  4:16  Lair  
  46  4:20  Drone x2  
  46  4:22  Drone  
  49  4:27  Drone x2  
  49  4:28  Drone  
  49  4:31  Roach  
  54  4:34  Roach  
  56  4:39  Drone x2  
  56  4:43  Roach  
  60  4:50  Roach  
  62  4:56  Zerg Missile Weapons Level 1  
  62  4:59  Roach  
  64  5:03  Roach  
  64  5:07  Overlord x2  
  66  5:14  Glial Reconstitution  
  66  5:16  Roach  
  68  5:31  Roach x4  
  76  5:38  Ravager  
  77  5:56  Overseer  
  77  5:59  Hatchery  
  76  6:07  Overlord x2  
  76  6:14  Ravager x3  
  71  6:35  Roach  
  71  6:36  Roach x6  
  70  6:51  Roach  
  70  6:52  Roach x5  
  82  6:58  Roach  
  82  6:59  Zergling x6  
  87  7:14  Roach  
  87  7:15  Roach x4  
  97  7:25  Hydralisk Den  
  97  7:28  Drone x5  
  97  7:29  Drone x2  
  103  7:38  Overlord x2  
  101  7:53  Roach x6  
  101  7:54  Roach  
  101  7:57  Roach x2  
  80  8:06  Roach x3  
  78  8:13  Roach x4  
  78  8:16  Roach  
  84  8:20  Roach x2  
  88  8:28  Hatchery, Drone x3  
  90  8:35  Muscular Augments  
  90  8:37  Roach  
  90  8:40  Zergling x2  
  93  8:50  Ravager  
  93  8:54  Zergling x6  
  97  8:59  Extractor  
  96  9:08  Ravager  
  96  9:09  Ravager  
  98  9:21  Drone x5  
  84  10:00  Roach  
  84  10:01  Roach x11  
  84  10:06  Drone x3  
  84  10:07  Drone  
  96  10:10  Queen  
  90  10:20  Hatchery  
  89  10:22  Hydralisk  
  89  10:23  Hydralisk x4, Extractor x2  
  89  10:24  Hatchery  
  89  10:25  Ravager  
  97  10:30  Drone x2  
  99  10:36  Grooved Spines, Overlord x2  
  99  10:37  Overseer  
  99  10:41  Zergling x12  
  105  10:48  Drone  
  106  11:07  Hydralisk  
  106  11:08  Hydralisk x7  
  122  11:26  Hatchery  
  122  11:28  Zerg Missile Weapons Level 2  
  122  11:29  Zerg Ground Armor Level 1  
  121  11:34  Hydralisk  
  113  11:44  Extractor  
  86  11:48  Hydralisk, Extractor  
  86  11:49  Hydralisk x5  
  73  11:57  Roach x6  
  73  11:58  Roach  
  70  12:10  Roach x5  
  70  12:14  Hydralisk  
  75  12:20  Hydralisk  
  75  12:25  Hydralisk  
  75  12:34  Hydralisk x3  
  81  12:42  Hydralisk  
  81  12:43  Hydralisk  
  83  12:47  Zergling x4  
  83  12:48  Zergling x14  
  94  12:54  Drone  
  94  12:55  Drone x2  
  97  13:03  Hydralisk  
  99  13:19  Zergling x14  
  106  13:22  Drone x2  
  107  13:36  Hydralisk  
  107  13:37  Hydralisk x2  
  113  13:46  Zergling x10  
  102  13:48  Zergling x2  
Tags
 
Add a new tag
Caveats
  • Supply blocks, unpowered buildings, or Contaminate may cause inaccurate times.
  • Supply counts are checked every 10 seconds.